Frizzbo, neutral female gnomish Wizard ---- ---- ----- |..| |..| ---.|.-----<.---- |..| |......|.|....|.--- --.| |.........-%......| |.| ------.........--.-- |^| ....I --.....--. |...| |.| ...^. ---..|. ---.---|.| --I.. ---- |...||.| ---.. --..--.| |...| |......--- ---.--- --........-- |...| |.........%------.-.| |...........).......- -- ----........-------..---... --......-- --......... |......| |.......... ----...-- --......... ---..| ---..--- - --.| ---- --- Frizzbo the Thaumaturge Experience level: 6 Strength: 18/02 Dexterity: 12 Constitution: 16 Intelligence: 17 Wisdom: 10 Charisma: 14 Health: 0(36) Energy: 39(59) Def: 2 Gold: 78 Moves: 6409 Dungeon seed: hOYqnkLfRWi-j_1v Game ID: Frizzbo_1467035851 Your Inventory: Coins $ - 78 gold pieces Weapons G - a blessed +1 dagger (weapon in hand) Armor e - a blessed +0 cloak of magic resistance (being worn) y - a blessed +0 orcish helm (being worn) Comestibles L - an uncursed lichen corpse Scrolls j - an uncursed scroll of destroy armor s - an uncursed scroll of teleportation u - an uncursed scroll of enchant armor H - an uncursed scroll of earth Spellbooks l - a blessed spellbook of force bolt m - an uncursed spellbook of knock t - an uncursed spellbook of protection C - an uncursed spellbook of light Potions g - an uncursed potion of sleeping h - an uncursed potion of enlightenment p - an uncursed potion of fruit juice z - an uncursed potion of extra healing T - an uncursed potion of full healing Rings c - an uncursed ring of shock resistance d - an uncursed ring of regeneration M - an uncursed ring of shock resistance P - an uncursed ring of cold resistance Wands b - an uncursed wand of speed monster (0:6) q - an uncursed wand of speed monster (0:4) w - an uncursed wand of striking (0:5) K - an uncursed wand of striking (0:6) U - an uncursed wand of digging (0:6) Tools O - an uncursed mirror Q - an uncursed brass lantern (0:1083) Gems n - 2 uncursed jasper stones r - 2 uncursed worthless pieces of orange glass I - 2 uncursed chrysoberyl stones J - an uncursed flint stone N - 2 uncursed worthless pieces of blue glass R - an uncursed worthless piece of violet glass V - an uncursed worthless piece of black glass W - 2 uncursed worthless pieces of yellowish brown glass Y - 2 uncursed worthless pieces of green glass Spells and supernatural/magical abilities: Name Level Category Fail Memory a - force bolt 1 attack 0% 68% k - knock 1 matter 0% 68% l - light 1 divination 0% 73% p - protection 1 clerical 0% 90% W - pray for help -- divine ? -- Your skills at the end: Fighting Skills Weapon Skills dagger [Skilled] quarterstaff [Basic] Spellcasting Skills attack spells [Basic] enchantment spells [Basic] Final Attributes: You were piously aligned. You were poison resistant. You were magic-protected. You were blinded. You had infravision. You were fast. You are dead. Vanquished creatures: 2 small mimics an imp a mountain nymph an orc shaman a fog cloud a shrieker a ghoul a floating eye 2 kittens 4 homunculi 2 kobold lords 3 rothes 2 rabid rats 3 giant bats 4 wererats 4 iguanas an acid blob 2 coyotes 2 gas spores 3 hobbits 9 manes a large kobold a hobgoblin a giant rat 3 cave spiders 2 yellow molds 4 green molds a red mold a gnome 3 gnome zombies 10 geckos 12 jackals 3 goblins 3 sewer rats 8 grid bugs 2 bats 10 lichens 9 newts 124 creatures vanquished. Voluntary challenges: You used a wielded weapon 141 times, starting on turn 80. You read items or engraved 16 times, starting on turn 564. You never genocided any monsters. You never polymorphed an object. You never changed form. You used no wishes. You never split a pudding. You never wrote Elbereth's name. You never violated your personal moral code. Dungeon overview: The Dungeons of Doom: levels 1 to 4 Level 1 a sink a long staircase Level 2 a scroll shop, an altar to Thoth, a sink Level 3 Level 4 a scroll shop, a fountain stairs to The Gnomish Mines The Gnomish Mines: levels 5 to 8 Level 5 stairs to The Dungeons of Doom Level 6 Level 7 some shops, a temple to Anhur, some fountains Level 8 <- You were here History has recorded: On T:1 you entered the Dungeons of Doom to retrieve the Amulet of Yendor! On T:471 you reached level 2 of The Dungeons of Doom. On T:520 you advanced to experience level 2. On T:829 you advanced to experience level 3. On T:910 you advanced to experience level 4. On T:2006 you advanced to experience level 5. On T:4282 you reached level 3 of The Dungeons of Doom. On T:4668 you reached level 4 of The Dungeons of Doom. On T:4863 you advanced to experience level 6. On T:5124 you reached level 1 of The Gnomish Mines. On T:5516 you reached level 2 of The Gnomish Mines. On T:5867 you reached level 3 of The Gnomish Mines. On T:6227 you reached level 4 of The Gnomish Mines. Score breakdown: Gold: 78 ( 6455 points) Experience: 6 levels (12456 points) Exploration: 8 levels ( 16.67%) (11577 points) Discoveries: 15 items ( 5.23%) ( 6858 points) Valuables value: (no points given unless you survive) Artifact value: 0 ( 0 points) Variety of kills: 38 monsters ( 9.97%) ( 9474 points) Turncount: 6409 turns (-1721 points) Survival: died (score multiplied by 80%) Total score: 36079 Latest messages: The imp misses the large cat. You are now more skilled in dagger. The large cat misses the imp. The kitten bites! (2x) You kill the kitten! You hit the imp! The large cat misses the imp. The imp hits! You miss the imp. The large cat misses the imp. You hit the imp! The large cat misses the imp. The imp hits! You kill the imp! A lit field surrounds you! You are momentarily blinded by a flash of light! It bites! It hits! It just misses! It bites! It bites! You die... Final status: Goodbye Frizzbo the Wizard, killed by a wolf... You died in The Gnomish Mines on dungeon level 8 with 36079 points, and 78 pieces of gold, after 6409 moves. You were level 6 with a maximum of 36 hit points when you died.